 Dungeon Crawl Stone Soup version 0.31-a0-255-g9c3d1c461a (webtiles) character file.

Game seed: 7123988546816636010

217 qw the Shooter (level 5, -3/49 HPs)
             Began as a Minotaur Hexslinger on July 12, 2023.
             Killed from afar by an orc wizard (10 damage)
             ... with a puff of flame
             ... on level 4 of the Dungeon.
             The game lasted 00:00:54 (2299 turns).

qw the Shooter (Minotaur Hexslinger)                Turns: 2299, Time: 00:00:54

Health: -3/49      AC:  5    Str: 13    XL:     5   Next: 62%
Magic:  5/5        EV: 11    Int: 10    God:
Gold:   172        SH:  0    Dex: 14    Spells: 5/6 levels left

rFire   . . .        Y - +1 sling
rCold   . . .        (no shield)
rNeg    . . .        i - +0 ring mail
rPois   +            (helmet restricted)
rElec   .            (no cloak)
rCorr   .            (no gloves)
SInv    .            (no boots)
Will    .....        (no amulet)
Stlth   +            (no ring)
HPRegen 0.28/turn    (no ring)
MPRegen 0.09/turn

%: no passive effects
@: no status effects
A: horns 2, retaliatory headbutt, sense surroundings 1, poison resistance,
robust 1
a: no special abilities


You were on level 4 of the Dungeon.
You visited 1 branch of the dungeon, and saw 4 of its levels.

You collected 172 gold pieces.


Innate Abilities, Weirdness & Mutations

You have a pair of horns on your head.
You reflexively headbutt those who attack you in melee.
You passively map a small area around you.
Your system is resistant to poisons. (rPois)
You are robust. (+10% HP)


   Skills:
 - Level 3.0 Fighting
 + Level 5.8 Ranged Weapons
 - Level 1.0 Armour
 - Level 2.1 Dodging
 - Level 1.0 Spellcasting
 - Level 2.0 Hexes


You had 5 spell levels left.
You knew the following spells:

 Your Spells              Type           Power      Damage    Failure   Level
a - Slow                  Hex            16%        N/A       32%         1

Your spell library contained the following spells:

 Spells                   Type           Power      Damage    Failure   Level
 Inner Flame              Hex/Fire       2%         N/A       82%         3
 Portal Projectile        Hex/Tloc       4%         N/A       82%         3
 Cause Fear               Hex            2%         N/A       97%         4

Inventory:

Hand Weapons
 Y - a +1 sling (weapon)
Armour
 i - a +0 ring mail (worn)
Scrolls
 e - a scroll of identify
Potions
 a - a potion of mutation
 b - a potion of haste
 c - a potion of enlightenment
 d - a potion of curing
 h - a potion of heal wounds {unknown}

Dungeon Overview and Level Annotations

Branches:
Dungeon (4/15)
 Temple: D:4-7

Altars:
Cheibriados
Kikubaaqudgha
Xom

Annotations:
D:3 3 runed translucent doors, qw's ghost, amateur GrHs


Message History

You shoot a sling bullet. The sling bullet hits the quokka.
You kill the quokka!
The orc misses you.
Something hits you but does no damage. x2
The orc misses you.
You shoot a sling bullet. The sling bullet barely misses the orc.
The orc hits you with a +0 hand axe. Something completely misses you.
You shoot a sling bullet. The sling bullet hits the orc.
The orc is severely wounded.
You hear some strange, mumbled words.
A puff of flame appears from out of thin air!
The puff of flame hits you. The orc hits you but does no damage.
You shoot a sling bullet. The sling bullet barely misses the orc.
The orc misses you. You furiously retaliate!
You headbutt the orc, but do no damage.
You hear some strange, mumbled words.
You are confused.
The orc barely misses you.
You hear some strange, mumbled words.
You are more confused.
2293 ||| DRINKING 2 potions of curing.
You feel better.
2293 ||| (to cure confusion)
The orc closely misses you. Something hits you.
You shoot a sling bullet. The sling bullet hits the orc!
You kill the orc!
Something hits you but does no damage.
You shoot a sling bullet. Something hits you.
You shoot a sling bullet. Something hits you but does no damage.
You shoot a sling bullet.
You hear some strange, mumbled words.
A puff of flame appears from out of thin air!
The puff of flame hits you!
You shoot a sling bullet. Something hits you.
Something hits you but does no damage.
You shoot a sling bullet.
You hear some strange, mumbled words.
A puff of flame appears from out of thin air!
The puff of flame hits you!
You die...

* * ..##.##....# ,
*#.##.##....# #
#.##.......# , #.
#.##..#....# ^ *,
#.#####.##..#..<.#
*
#...........#....#
,
*#.........%..###
#####.........##.#
,
......)@...>.....#
,
.####.{).....###.#
*
,,..)......#..##.#
,
.................#
*
####.........##.>#
####$.....#*...*
###.##.# $# .., ,
, ,


There were no monsters in sight!

Vanquished Creatures
  An orc priest (D:3)
  An iguana (D:4)
  A gnoll (D:1)
  An adder (D:3)
  3 worms
  7 orcs
  6 ball pythons
  4 endoplasms
  3 giant cockroaches
  8 goblins
  3 hobgoblins
  4 jackals (D:2)
  2 kobolds
  A quokka (D:4)
  7 bats
  2 frilled lizards
  2 rats
56 creatures vanquished.

Vanquished Creatures (others)
  5 dream sheep (D:3)
5 creatures vanquished.

Grand Total: 61 creatures vanquished

Notes
Turn   | Place    | Note
-------+----------+-------------------------------------------
     0 | D:1      | qw the Minotaur Hexslinger began the quest for the Orb.
     0 | D:1      | Reached XP level 1. HP: 16/16 MP: 1/1
     0 | D:1      | 0 ||| qw: Version: 0.3-a-52-g30416fa
     0 | D:1      | 0 ||| qw: Game counter: 6697
     0 | D:1      | 0 ||| qw: Melee chars always use a shield: true
     0 | D:1      | 0 ||| qw: God list: Okawaru
     0 | D:1      | 0 ||| qw: Allow faded altars: false
     0 | D:1      | 0 ||| qw: Do Orc after clearing Dungeon:15 true
     0 | D:1      | 0 ||| qw: Do second Lair branch before Depths: true
     0 | D:1      | 0 ||| qw: Lair rune preference: random
     0 | D:1      | 0 ||| qw: Goals: Normal
     0 | D:1      | 0 ||| PLANNING D:1-11
   236 | D:1      | Reached skill level 3 in Ranged Weapons
   236 | D:1      | Reached XP level 2. HP: 14/23 MP: 2/2
   538 | D:1      | Reached XP level 3. HP: 29/29 MP: 3/3
   713 | D:1      | 713 ||| UPGRADING to +0 leather armour.
   723 | D:1      | 723 ||| DROPPING +0 robe.
   724 | D:1      | 724 ||| UPGRADING to +0 ring mail.
   734 | D:1      | 734 ||| DROPPING +0 leather armour.
   735 | D:1      | 735 ||| READING 2 scrolls labelled APYOR WUDAA.
   736 | D:1      | 736 ||| READING scroll labelled TYIMUTESHRU.
   737 | D:1      | 737 ||| READING scroll labelled XETTUH LYUNLU.
   738 | D:1      | 738 ||| READING scroll labelled YWNOSO VUHO.
   739 | D:1      | 739 ||| READING scroll labelled RISADGH PYQUOGG.
   740 | D:1      | 740 ||| READING scroll labelled BIKLY XIHA.
   741 | D:1      | 741 ||| DROPPING scroll of noise.
   742 | D:1      | 742 ||| DROPPING scroll of poison.
   847 | D:2      | Reached skill level 4 in Ranged Weapons
  1008 | D:2      | Reached skill level 1 in Armour
  1271 | D:2      | 1271 ||| FLEEEEING.
  1277 | D:2      | 1277 ||| FLEEEEING.
  1278 | D:2      | 1278 ||| FLEEEEING.
  1561 | D:2      | 1561 ||| DRINKING 2 bubbling golden potions.
  1561 | D:2      | Gained mutation: You passively map a small area around you.
                  | [potion of mutation]
  1561 | D:2      | Gained mutation: You are robust. (+10% HP) [potion of
                  | mutation]
  1561 | D:2      | Gained mutation: Your system is resistant to poisons.
                  | (rPois) [potion of mutation]
  1667 | D:3      | Found a faded altar of an unknown god.
  1743 | D:3      | Found a runed translucent gate.
  1744 | D:3      | Found a runed translucent gate.
  1745 | D:3      | Found a runed translucent gate.
  1755 | D:3      | Noticed qw's ghost (amateur GrHs)
  1795 | D:3      | Noticed a dream sheep
  1795 | D:3      | Noticed a dream sheep
  1795 | D:3      | Noticed a dream sheep
  1795 | D:3      | Noticed a dream sheep
  1795 | D:3      | Noticed a dream sheep
  1795 | D:3      | Found a shimmering altar of Xom.
  1796 | D:3      | Killed a dream sheep
  1796 | D:3      | Killed a dream sheep
  1796 | D:3      | Killed a dream sheep
  1796 | D:3      | Killed a dream sheep
  1797 | D:3      | Reached XP level 4. HP: 39/39 MP: 4/4
  1797 | D:3      | Killed a dream sheep
  1798 | D:3      | Reached skill level 5 in Ranged Weapons
  1818 | D:3      | Reached XP level 5. HP: 45/45 MP: 5/5
  1824 | D:3      | Reached skill level 3 in Fighting
  1875 | D:3      | Found an ancient bone altar of Kikubaaqudgha.
  2017 | D:3      | Found a snail-covered altar of Cheibriados.
  2192 | D:3      | 2192 ||| READING scroll labelled MUFAKU SEEWK.
  2193 | D:3      | 2193 ||| DRINKING 2 metallic grey potions.
  2194 | D:3      | 2194 ||| DRINKING 3 puce potions.
  2195 | D:3      | 2195 ||| READING 3 scrolls of identify.
  2195 | D:3      | 2195 ||| IDENTIFYING amethyst potion
  2196 | D:3      | 2196 ||| READING 2 scrolls of identify.
  2196 | D:3      | 2196 ||| IDENTIFYING white potion
  2197 | D:3      | 2197 ||| DROPPING potion of brilliance.
  2293 | D:4      | 2293 ||| DRINKING 2 potions of curing.
  2293 | D:4      | 2293 ||| (to cure confusion)
  2297 | D:4      | HP: 10/49 [something/puff of flame (7)]
  2299 | D:4      | Killed from afar by an orc wizard

Levels and vault maps discovered:
D:1:      saegor_arrival_simple_c, layout_basic
D:2:      layout_basic, minmay_distorted
D:3:      layout_basic, kb_xom_exploding_sheep, kiku_gazebo_pond_becter,
          cheibriados_altar_1, dreamdust_ecumenical_altar_grove,
          ebering_ghost_rock_garden, dk_vineyard_1
D:4:      layout_rooms, kennysheep_mini_moat, minmay_joined_circles

Skill      XL: |  1  2  3  4  5 |
---------------+----------------+-----
Ranged Weapons | 3 4 5 |  5.8
Fighting       | 2 3 |  3.0
Armour         | 1 |  1.0
Dodging        | |  2.1
Spellcasting   | |  1.0
Hexes          | |  2.0

Action                     |  1- 3 |  4- 6 || total
---------------------------+-------+-------++-------
   Fire: Sling             |   130 |    71 ||   201
    Use: Scroll            |     6 |     3 ||     9
         Potion            |     1 |     3 ||     4
 Armour: Robe              |     4 |       ||     4
         Ring mail         |    13 |    16 ||    29
  Dodge: Dodged            |    31 |    38 ||    69

Table legend:
 A = Non-vault XP
 B = Vault XP
 C = Vault XP percentage of total XP
 D = Non-vault monster count
 E = Vault monster count
 F = Vault count percentage of total count
                 A         B        C        D         E       F
            +---------+---------+-------+---------+---------+-------
      Total |     310 |       1 |   0.3 |      57 |       1 |   1.7
            +---------+---------+-------+---------+---------+-------
        D:1 |      42 |       0 |   0.0 |      17 |       0 |   0.0
        D:2 |      43 |       1 |   2.3 |      19 |       1 |   5.0
        D:3 |     172 |       0 |   0.0 |      15 |       0 |   0.0
        D:4 |      53 |       0 |   0.0 |       6 |       0 |   0.0
            +---------+---------+-------+---------+---------+-------
